 Dungeon Crawl Stone Soup version 0.19.0-2-gae57169 (webtiles) character file.

96 Leibowitz the Cutter (level 4, -1/27 HPs)
             Began as a Kobold Gladiator on Nov 6, 2016.
             Slain by a goblin (4 damage)
             ... led by Robin
             ... on level 3 of the Dungeon.
             The game lasted 00:05:49 (1869 turns).

Leibowitz the Cutter (Kobold Gladiator)             Turns: 1869, Time: 00:05:50

Health: -1/27      AC:  5    Str: 12    XL:     4   Next: 98%
Magic:  13/13      EV: 17    Int:  9    God:
Gold:   141        SH:  0    Dex: 16    Spells: 0 memorised, 3 levels left

rFire  . . .     SeeInvis .     a - +0 rapier
rCold  . . .     Gourm    .     r - +0 leather armour
rNeg   . . .     Faith    .     (shield restricted)
rPois  +         Spirit   .     c - +0 helmet
rElec  .         Reflect  .     (no cloak)
rCorr  .         Harm     .     (no gloves)
MR     .....                    t - +0 pair of boots
Stlth  ++........               (no amulet)
                                q - ring of poison resistance
                                m - ring of magical power

@: no status effects
A: carnivore 3
a: no special abilities


You were on level 3 of the Dungeon.
You were very full.

You visited 1 branch of the dungeon, and saw 3 of its levels.

You collected 141 gold pieces.

Inventory:

Hand Weapons
 a - a +0 rapier (weapon)
 b - a +0 dagger of electrocution
Missiles
 d - 2 throwing nets (quivered)
Armour
 c - a +0 helmet (worn)
 r - a +0 leather armour (worn)
 t - a +0 pair of boots (worn)
Jewellery
 m - a ring of magical power (left hand)
 q - a ring of poison resistance (right hand)
Wands
 s - a wand of random effects (0/48)
 x - a wand of digging (8/24)
Scrolls
 g - a scroll of noise {unknown}
 i - 3 scrolls of identify {unknown}
 l - a scroll of amnesia {unknown}
 o - a scroll of fear {unknown}
 p - a scroll of blinking {unknown}
 v - a scroll of remove curse {unknown}
 y - a scroll of immolation {unknown}
Potions
 e - a potion of cure mutation {unknown}
 j - 2 potions of heal wounds {unknown}
 k - a potion of curing {unknown}
 n - a potion of magic {unknown}
 u - 2 potions of might {unknown}
Comestibles
 f - 2 meat rations
 h - a slice of pizza


   Skills:
 + Level 2.5 Fighting
 + Level 5.0 Short Blades
 + Level 2.4 Throwing
 + Level 0.7 Armour
 + Level 4.7 Dodging
 + Level 1.9 Stealth
 + Level 0.2 Evocations


You had 3 spell levels left.
You didn't know any spells.

Dungeon Overview and Level Annotations

Branches:
Dungeon (3/15)

Altars:
Nemelex Xobeh

Annotations:
D:3 Robin


Innate Abilities, Weirdness & Mutations

You are small and have problems with some larger weapons.
You are carnivorous and can eat meat at any time.


Message History

The hobgoblin hits you but does no damage.
The goblin completely misses you. The goblin misses you. The goblin hits you.
You hit Robin.
Robin is lightly wounded.
The goblin misses you.
Robin struggles against the net.
The goblin hits you. The goblin closely misses you. The hobgoblin misses you.
The goblin hits you but does no damage. The goblin barely misses you.
You hit Robin but do no damage.
Robin is lightly wounded.
The goblin hits you with a dagger.
* * * LOW HITPOINT WARNING * * *
Robin struggles against the net.
The goblin closely misses you. The goblin hits you.
* * * LOW HITPOINT WARNING * * *
The hobgoblin barely misses you. The goblin barely misses you.
All of the chunks of flesh in your inventory have rotted away.
You hit Robin.
Robin is moderately wounded.
The goblin hits you.
You die...

#........# #.......#.#
#........###.###.###.#
+........'...>.......#######
#........####.#.####.......##
#........##.....(...........#
#........#.......#.......####
####........#.#......%##.#
#.#####.#....ggg.......#
#.###...#.#.gg@g..######
#.#...###.)..g#g### #.....#
#.....#.# #.#...# #.#.#.#.#
#.#..## #.....#.#
#.#..####.....#.#
#.....#.#.#.#.#.#
###..##.#.....#.#
#.......#.....#.#


You could see Robin (caught), a hobgoblin and 6 goblins.

Vanquished Creatures
  3 gnolls (D:2)
  2 worms (D:2)
  A leopard gecko (D:2)
  A giant cockroach (D:1)
  11 goblins
  9 hobgoblins
  5 jackals (D:1)
  A ball python (D:1)
  8 bats
  3 frilled lizards
  3 kobolds
  11 rats
58 creatures vanquished.

Notes
Turn   | Place    | Note
-------+----------+-------------------------------------------
     0 | D:1      | Leibowitz the Kobold Gladiator began the quest for the Orb.
     0 | D:1      | Reached XP level 1. HP: 12/12 MP: 1/1
    23 | D:1      | Reached XP level 2. HP: 16/17 MP: 2/2
   274 | D:1      | Reached XP level 3. HP: 22/22 MP: 3/3
   998 | D:2      | Reached skill level 1 in Stealth
  1303 | D:2      | Reached XP level 4. HP: 27/27 MP: 4/4
  1654 | D:2      | Found a sparkling altar of Nemelex Xobeh.
  1831 | D:3      | Noticed Robin
  1858 | D:3      | Reached skill level 5 in Short Blades
  1869 | D:3      | Slain by a goblin

Skill      XL: |  1  2  3  4 |
---------------+-------------+-----
Dodging        | 4 |  4.7
Stealth        | 1 |  1.9
Short Blades   | 5 |  5.0
Fighting       | |  2.5
Throwing       | |  2.4
Armour         | |  0.7
Evocations     | |  0.2

Action                   |  1- 3 |  4- 6 || total
-------------------------+-------+-------++-------
Melee: Rapier            |   122 |    43 ||   165
Throw: Throwing net      |       |     2 ||     2
Evoke: Wand              |     7 |     6 ||    13
 Stab: Paralysed         |     1 |       ||     1
       Sleeping          |     1 |       ||     1
  Eat: Chunk             |    10 |     1 ||    11
Armor: Leather armour    |    45 |    12 ||    57
Dodge: Dodged            |   130 |    49 ||   179
